 Dungeon Crawl Stone Soup version 0.27-a0-445-gbe96e517c0 (webtiles) character file.

Game seed: 13763447933138708026

4 Chiseanne the Cutter (level 1, -2/15 HPs)
             Began as a Demonspawn Wanderer on Feb 27, 2021.
             Slain by a goblin
             ... wielding a +2 dagger of holy wrath
              (5 damage)
             ... on level 1 of the Dungeon.
             The game lasted 00:00:17 (16 turns).

Chiseanne the Cutter (Demonspawn Wanderer)            Turns: 16, Time: 00:00:17

Health: -2/15      AC:  2    Str: 11    XL:     1   Next: 50%
Magic:  1/1        EV: 12    Int: 12    God:
Gold:   0          SH:  0    Dex: 14    Spells: 0/0 levels left

rFire    . . .     SeeInvis .   a - +2 short sword
rCold    . . .     Faith    .   (no shield)
rNeg     . . .     Spirit   .   e - +0 robe
rPois    .         Reflect  .   (no helmet)
rElec    .         Harm     .   (no cloak)
rCorr    .         Rampage  .   (no gloves)
Will     .....                  (no boots)
Stlth    +.........             (no amulet)
HPRegen  0.05/turn              (no ring)
MPRegen  0.07/turn              (no ring)

@: no status effects
A: no striking features
a: no special abilities


You were on level 1 of the Dungeon.
You visited 1 branch of the dungeon, and saw 1 of its levels.

Inventory:

Hand Weapons
 a - a +2 short sword (weapon)
 b - a +0 hand crossbow
Missiles
 c - 27 bolts
Armour
 e - a +0 robe (worn)
Potions
 d - a potion of lignification


   Skills:
 * Level 1.3 Fighting
 - Level 2.6 Short Blades
 - Level 1.0 Bows
 - Level 1.7 Armour
 * Level 1.2 Dodging
 - Level 2.0 Evocations


You couldn't memorise any spells.
You didn't know any spells.
Your spell library was empty.

Dungeon Overview and Level Annotations

Branches:
Dungeon (1/15)

Altars:


Message History

You puncture the kobold!
You kill the kobold!
A rat comes into view.
The hobgoblin closely misses you.
You see here a +0 short sword.
You hit the hobgoblin.
The hobgoblin is lightly wounded.
The hobgoblin hits you with a +0 club.
You are too injured to fight recklessly!
You are too injured to fight recklessly!
You are too injured to fight recklessly!
You are too injured to fight recklessly!
You are too injured to fight recklessly!
You are too injured to fight recklessly!
You are too injured to fight recklessly!
You are too injured to fight recklessly!
You are too injured to fight recklessly!
You are too injured to fight recklessly!
You are too injured to fight recklessly!
You are too injured to fight recklessly!
You are too injured to fight recklessly!
You are too injured to fight recklessly!
You are too injured to fight recklessly!
You are too injured to fight recklessly!
You are too injured to fight recklessly!
You are too injured to fight recklessly!
You closely miss the hobgoblin.
The hobgoblin is lightly wounded.
The hobgoblin hits you with a +0 club.
* * * LOW HITPOINT WARNING * * *
You hit the hobgoblin.
You kill the hobgoblin!
You hit the hobgoblin.
The hobgoblin is almost dead.
The hobgoblin closely misses you.
You hit the hobgoblin.
You kill the hobgoblin!
You closely miss the goblin.
The goblin hits you with a +2 dagger of holy wrath.
You die...

...=.$....
.......... ...
..#...... # ...
...$..... #. ..
#........ #.. ..
#ll...... ..# #.
##Kr......
#.##.##g###..#.#
#.#.#@## #
#.#.##
#<#.......
#.#.###.... #.#
#.# .. #.# #.#
..# #.. #.. ...
#. .#.


You could see a goblin, a kobold, 2 frilled lizards and a rat.

Vanquished Creatures
  2 hobgoblins (D:1)
  A kobold (D:1)
3 creatures vanquished.

Notes
Turn   | Place    | Note
-------+----------+-------------------------------------------
     0 | D:1      | Chiseanne the Demonspawn Wanderer began the quest for the
                  | Orb.
     0 | D:1      | Chiseanne set off with the following items: a +2 short
                  | sword, a +0 hand crossbow, 27 bolts, a potion of
                  | lignification, a +0 robe
     0 | D:1      | Reached XP level 1. HP: 15/15 MP: 1/1
    16 | D:1      | Slain by a goblin

Illustrated notes

Levels and vault maps discovered:
D:1:      roderic_crossed_star, layout_rooms, serial_corexii_hall,
          corexii_hall_statues_deadend, corexii_hall_statues_l

Action                   || total
-------------------------++-------
Melee: Short sword       ||     7
Dodge: Dodged            ||     2

Table legend: (Time is in decaauts)
 A = Elapsed time spent in this place.
 B = Non-inter-level travel time spent in this place.
 C = Inter-level travel time spent in this place.
 D = Time resting spent in this place.
 E = Time spent auto-exploring this place.
 F = Levels seen in this place.
 G = Mean time per level.
                   A        B        C        D        E       F      G
               +--------+--------+--------+--------+--------+-----+--------+
         Total |     15 |     15 |      0 |      0 |      1 |   1 |   15.0 |
       Dungeon |     15 |     15 |      0 |      0 |      1 |   1 |   15.0 |
               +--------+--------+--------+--------+--------+-----+--------+

Top non-repeatable levels by time:
     D:1: 15 daAuts
